Map: Moondance

Players

Cure - Winner!

  • Race: Terran Terran
  • Spawn Location: 12:00

Bunny

  • Race: Terran Terran
  • Spawn Location: 6:00

Event: DreamHack SC2 Masters 2022 Atlanta (Offline)

VOD

Have the link to the VOD?

Description

Time

  • Played on: Nov. 18, 2022, 5:18 p.m.
  • Length: 17:41

All games in this series

Show
View Real Time Build Order
Export as new Build Order

Cure Terran - Winner!

Build Orders:  

Get SALT Encoding   

  12  0:00  SCV  
  13  0:12  SCV  
  14  0:17  Supply Depot  
  14  0:24  SCV  
  14  0:27  Refinery  
  15  0:38  SCV  
  16  0:43  Barracks  
  16  0:50  SCV  
  16  0:53  Refinery  
  17  1:02  SCV  
  18  1:14  SCV  
  19  1:30  Reaper, Orbital Command  
  20  1:34  Factory  
  20  1:47  Supply Depot  
  20  1:55  SCV  
  21  2:02  Reaper  
  21  2:07  SCV  
  23  2:18  Hellion  
  23  2:20  SCV  
  26  2:27  Command Center  
  26  2:32  SCV  
  26  2:34  Reaper  
  28  2:39  Hellion  
  28  2:43  Supply Depot  
  30  2:45  SCV  
  31  2:58  Starport  
  31  3:04  SCV  
  32  3:05  Factory Tech Lab  
  32  3:08  Barracks Reactor  
  32  3:16  SCV  
  29  3:25  Cyclone, Barracks Reactor  
  30  3:28  SCV  
  31  3:38  Starport Tech Lab  
  31  3:41  SCV, Refinery  
  31  3:42  Orbital Command  
  31  3:53  SCV  
  32  3:56  Raven  
  32  4:02  Cyclone  
  37  4:03  Marine x2  
  37  4:05  SCV  
  40  4:10  SCV  
  41  4:18  Supply Depot  
  41  4:19  SCV  
  41  4:20  Marine  
  41  4:21  Marine  
  41  4:22  SCV  
  45  4:31  SCV  
  46  4:34  Siege Tank  
  46  4:35  SCV  
  50  4:39  Marine x2  
  50  4:43  Supply Depot, SCV  
  53  4:47  SCV, Raven  
  56  4:52  Supply Depot  
  56  4:57  Marine x2  
  56  4:58  SCV  
  56  4:59  SCV  
  60  5:02  Command Center  
  60  5:07  Siege Tank  
  60  5:14  SCV x2  
  65  5:16  Supply Depot  
  65  5:18  Marine  
  65  5:19  Marine  
  63  5:26  SCV x2  
  57  5:33  Raven  
  57  5:36  Marine x2  
  57  5:38  SCV x2  
  60  5:43  Siege Tank  
  63  5:50  SCV x2  
  63  5:54  Marine x2  
  67  5:57  Refinery  
  67  6:02  SCV x2  
  67  6:11  Barracks  
  67  6:13  Barracks, Orbital Command  
  67  6:14  SCV x2  
  69  6:18  Engineering Bay  
  69  6:21  Engineering Bay  
  69  6:24  Siege Tank  
  72  6:26  SCV x2  
  72  6:27  Marine  
  72  6:28  Viking  
  72  6:32  Viking  
  79  6:38  SCV  
  79  6:39  SCV  
  81  6:40  SCV, Refinery  
  82  6:49  Marine  
  82  6:50  Stimpack  
  82  6:51  SCV x2  
  82  6:52  SCV  
  86  6:56  Siege Tank  
  86  6:59  Viking  
  91  7:02  Viking  
  91  7:03  Barracks Reactor x2  
  91  7:04  SCV x2  
  91  7:06  SCV  
  96  7:10  Supply Depot  
  96  7:12  Supply Depot, Marine  
  97  7:16  SCV x2  
  97  7:18  SCV  
  100  7:25  Terran Infantry Armor Level 1, Terran Infantry Weapons Level 1  
  100  7:29  Barracks  
  100  7:30  Barracks, Marine  
  100  7:32  SCV x3  
  100  7:33  Supply Depot  
  100  7:35  Supply Depot  
  104  7:42  Viking x2  
  105  7:46  Marine x4  
  105  7:48  Marine  
  105  7:49  Siege Tank  
  113  7:53  Supply Depot  
  113  7:56  SCV  
  113  7:57  SCV x2  
  116  8:00  Armory  
  116  8:04  Marine x4  
  120  8:06  Marine  
  120  8:24  Marine x4  
  119  8:28  Siege Tank  
  119  8:29  Combat Shield  
  114  8:34  Medivac x2  
  114  8:35  Marine  
  114  8:37  Barracks Reactor x2  
  114  8:39  SCV  
  114  8:40  SCV x2  
  121  8:42  Marine x2  
  121  8:43  Marine x2  
  121  8:48  Command Center  
  125  8:53  Marine  
  126  8:59  Marine x2  
  126  9:00  Siege Tank  
  126  9:01  Marine  
  132  9:04  Medivac x2  
  132  9:06  Supply Depot  
  132  9:08  Missile Turret  
  129  9:10  Marine  
  129  9:11  Sensor Tower, Marine  
  129  9:15  Marine x2  
  129  9:16  Supply Depot, Marine x2  
  121  9:17  Marine x2  
  121  9:19  Marine  
  121  9:24  Supply Depot  
  124  9:28  Marine  
  124  9:29  Marine  
  126  9:32  Siege Tank  
  126  9:33  SCV x3, Marine x4  
  126  9:35  Marine  
  126  9:36  Marine x2  
  139  9:38  Terran Infantry Weapons Level 2  
  139  9:39  Terran Infantry Armor Level 2  
  139  9:45  Terran Vehicle Weapons Level 1  
  139  9:46  Marine x2  
  139  9:49  Medivac  
  139  9:51  Marine x4  
  147  9:53  Marine  
  147  9:54  Marine  
  147  9:55  Marine  
  147  9:59  SCV x2  
  152  10:03  Marine  
  152  10:04  Marine  
  149  10:09  Marine x4  
  149  10:11  SCV, Marine x2  
  149  10:12  SCV  
  149  10:13  Marine  
  150  10:21  Marine  
  150  10:22  Marine  
  150  10:27  Marine x4  
  149  10:28  Marine  
  149  10:29  Marine  
  149  10:31  Marine  
  152  10:39  Marine  
  147  10:44  Marine x2  
  147  10:45  Marine  
  147  10:49  SCV x3, Planetary Fortress  
  145  10:52  Refinery x2  
  145  10:55  Factory, Siege Tank  
  145  11:02  Barracks Reactor  
  145  11:04  Marine x7  
  145  11:05  Medivac x2  
  145  11:07  SCV x3  
  159  11:14  Marine  
  160  11:22  Marine x5  
  160  11:23  SCV x2  
  160  11:24  SCV  
  168  11:32  Marine x3  
  167  11:38  Marine x2  
  167  11:39  Siege Tank x2, Marine  
  165  11:40  Marine x4  
  165  11:46  SCV x3  
  173  11:50  Marine x3  
  173  11:53  Medivac x2  
  172  11:56  SCV, Marine x2  
  172  11:57  Marine x3  
  172  11:58  SCV x2  
  180  12:01  Supply Depot x2  
  180  12:09  Marine x2  
  180  12:11  Siege Tank x2  
  188  12:20  Marine  
  188  12:22  Marine x3  
  188  12:28  Marine x6  
  132  12:38  Medivac x2, Marine  
  132  12:40  Marine x3  
  132  12:43  Siege Tank x2  
  146  12:44  Barracks  
  146  12:45  Barracks  
  146  12:46  Marine x4  
  146  12:47  Terran Infantry Weapons Level 3, Barracks  
  148  12:56  Terran Vehicle Weapons Level 2  
  148  12:57  Terran Infantry Armor Level 3, Marine  
  149  13:07  Marine x4  
  149  13:08  Orbital Command, Marine x5  
  149  13:11  Medivac  
  149  13:12  Medivac  
  162  13:15  Marine  
  163  13:25  Marine x8  
  163  13:26  Marine  
  172  13:30  Marine  
  172  13:33  Marine  
  172  13:34  Siege Tank x2  
  171  13:37  Marine x2  
  170  13:43  Marine x5  
  170  13:45  Marine x4  
  132  14:01  Medivac x2  
  136  14:03  Marine x4  
  136  14:05  Marine x4  
  136  14:06  Command Center  
  136  14:09  Siege Tank  
  147  14:13  Siege Tank  
  150  14:19  Supply Depot  
  150  14:20  Supply Depot  
  140  14:38  Marine x6  
  140  14:42  Siege Tank  
  149  14:46  Siege Tank  
  149  14:52  Marine x2  
  154  14:54  Supply Depot  
  154  14:56  Supply Depot  
  154  14:57  Marine x2  
  156  15:01  Sensor Tower  
  156  15:10  Marine x6  
  162  15:21  Planetary Fortress  
  162  15:24  SCV x2  
  163  15:36  SCV x2  
  163  15:42  Siege Tank x2  
  166  15:45  Command Center  
  166  15:48  Marine x6  
  172  15:50  Marine  
  172  15:52  Marine x2  
  170  15:59  Medivac  
  170  16:00  Medivac, Marine x2  
  176  16:05  Marine x3  
  176  16:06  Marine  
  180  16:18  Siege Tank x2  
  186  16:24  Missile Turret, Marine x4  
  186  16:25  Marine x3  
  193  16:30  SCV  
  193  16:32  SCV  
  195  16:34  Sensor Tower  
  195  16:37  SCV  
  196  16:42  SCV  
  197  16:49  SCV  
  197  16:50  Marine x4  
  170  16:56  Siege Tank, Marine  
  170  16:57  Siege Tank, Marine x5  
  148  17:10  Medivac  
  149  17:17  Marine x4  
Show
View Real Time Build Order
Export as new Build Order

Bunny Terran 

Build Orders:  

Get SALT Encoding   

  12  0:00  SCV  
  13  0:12  SCV  
  14  0:17  Supply Depot  
  14  0:24  SCV  
  15  0:38  SCV  
  15  0:40  Barracks  
  15  0:42  Refinery  
  16  0:50  SCV  
  16  0:52  Refinery  
  17  1:02  SCV  
  18  1:14  SCV  
  19  1:26  Reaper  
  19  1:27  Orbital Command  
  19  1:32  Supply Depot  
  20  1:40  Factory  
  20  1:52  SCV  
  21  2:00  Barracks Reactor  
  21  2:04  SCV  
  22  2:16  SCV  
  22  2:17  Command Center  
  23  2:23  Hellion  
  23  2:28  SCV  
  26  2:36  Reaper x2  
  28  2:40  Supply Depot  
  28  2:43  SCV  
  29  2:44  Hellion  
  31  2:53  Starport  
  31  3:01  SCV  
  30  3:06  Hellion  
  30  3:09  Reaper x2  
  34  3:14  SCV  
  34  3:26  SCV  
  32  3:28  Factory Tech Lab  
  32  3:38  SCV, Orbital Command  
  32  3:41  Marine x2, Starport Tech Lab  
  33  3:50  Cyclone, Refinery, SCV  
  37  3:59  Marine x2  
  37  4:02  SCV  
  40  4:06  SCV  
  40  4:09  Raven  
  41  4:12  Supply Depot  
  41  4:14  SCV  
  41  4:16  Marine  
  41  4:17  Marine  
  43  4:18  SCV  
  43  4:24  Cyclone  
  48  4:27  SCV  
  48  4:30  SCV  
  50  4:33  Supply Depot  
  50  4:34  Marine x2  
  52  4:39  SCV  
  52  4:42  SCV  
  54  4:52  Raven  
  56  4:53  SCV  
  56  4:54  SCV  
  56  4:58  Command Center  
  58  5:01  Marine x2  
  58  5:05  Siege Tank  
  63  5:08  Supply Depot  
  63  5:10  SCV  
  63  5:11  SCV  
  65  5:21  Marine x2  
  57  5:28  SCV x2  
  57  5:35  Raven  
  60  5:39  Marine x2  
  60  5:41  SCV x2  
  58  5:53  SCV x2, Refinery  
  58  5:57  Marine x2  
  60  5:58  Siege Tank  
  65  6:06  SCV  
  65  6:07  SCV  
  67  6:11  Orbital Command  
  67  6:12  Barracks  
  67  6:13  Barracks  
  67  6:15  Refinery  
  67  6:19  SCV x2  
  67  6:25  Engineering Bay, Stimpack, Marine  
  70  6:27  Engineering Bay  
  70  6:29  Viking  
  72  6:33  Viking  
  72  6:36  SCV x2  
  72  6:38  Supply Depot, SCV  
  77  6:43  Marine  
  78  6:48  SCV x2  
  78  6:49  Siege Tank  
  78  6:50  SCV  
  84  6:55  Terran Infantry Weapons Level 1  
  84  6:58  Supply Depot  
  84  7:00  SCV x2  
  86  7:02  SCV, Terran Infantry Armor Level 1  
  86  7:05  Barracks Reactor  
  87  7:08  Barracks Reactor  
  87  7:09  Marine  
  87  7:12  SCV x2  
  87  7:14  SCV  
  87  7:15  Viking  
  93  7:20  Viking  
  95  7:23  Barracks  
  95  7:24  Supply Depot  
  95  7:25  Barracks  
  95  7:26  Marine  
  95  7:28  Siege Tank  
  99  7:31  SCV x3  
  102  7:40  Supply Depot x2  
  102  7:41  Marine  
  102  7:42  Marine  
  103  7:45  Marine x2  
  103  7:47  Supply Depot  
  103  7:50  Medivac  
  107  7:51  Medivac  
  107  7:57  SCV x3  
  112  7:58  Marine  
  112  7:59  Marine x2  
  112  8:01  Siege Tank  
  112  8:02  Marine  
  112  8:05  Combat Shield  
  119  8:10  Command Center  
  102  8:27  Marine x2  
  102  8:28  Marine x3  
  102  8:33  Siege Tank  
  105  8:36  Liberator x2  
  109  8:45  Barracks Reactor, Marine x4  
  109  8:46  Barracks Reactor  
  109  8:47  SCV x3  
  114  8:49  Marine  
  114  8:50  Supply Depot  
  114  8:51  Supply Depot  
  115  9:00  Armory  
  114  9:03  Marine x4  
  114  9:07  Marine  
  111  9:17  SCV  
  111  9:18  SCV x2  
  111  9:21  Marine x4  
  118  9:25  Siege Tank, Marine  
  118  9:26  Marine x4  
  126  9:33  Sensor Tower  
  126  9:35  SCV x2  
  128  9:38  Marine  
  128  9:39  Marine x3  
  128  9:41  Medivac x2  
  128  9:42  Marine  
  128  9:44  Marine x4  
  141  9:47  Planetary Fortress  
  141  9:56  Marine  
  141  9:57  Marine x3  
  141  9:58  Sensor Tower  
  143  10:00  Marine  
  143  10:02  Marine x4  
  148  10:12  Refinery, Terran Infantry Weapons Level 2  
  148  10:13  Refinery  
  144  10:14  Marine x4  
  144  10:18  Marine  
  144  10:19  Marine  
  144  10:20  Siege Tank  
  148  10:26  Marine x3  
  142  10:32  Marine x4  
  143  10:36  Marine  
  143  10:37  Marine  
  143  10:39  Command Center  
  143  10:44  Marine  
  144  10:50  Liberator  
  144  10:54  Supply Depot  
  144  10:55  Supply Depot x2, Liberator, Siege Tank, Marine x3  
  156  11:01  SCV  
  157  11:07  Sensor Tower  
  157  11:10  Terran Infantry Armor Level 2  
  157  11:15  Marine  
  157  11:16  SCV x2  
  157  11:18  Marine x4  
  164  11:28  SCV  
  162  11:34  Siege Tank  
  162  11:38  Marine x7  
  162  11:39  Marine  
  166  11:44  Medivac x2  
  170  11:48  Marine  
  170  11:53  Orbital Command  
  171  11:56  Marine x3  
  174  12:04  Marine x5  
  174  12:06  Marine  
  174  12:08  Siege Tank  
  183  12:14  Marine x3  
  186  12:22  Marine x5  
  185  12:24  Marine  
  141  12:32  Marine  
  141  12:33  Marine x2  
  129  12:40  Terran Infantry Weapons Level 3, Siege Tank, Marine x5  
  129  12:41  Viking  
  129  12:42  Marine  
  140  12:45  Viking  
  140  12:49  Marine  
  143  12:51  Marine x2  
  143  12:53  Factory  
  143  12:57  Marine  
  143  12:58  Marine x2  
  148  12:59  Marine x2  
  148  13:00  Marine  
  151  13:07  Marine  
  151  13:09  Marine  
  151  13:10  Marine  
  151  13:12  Siege Tank  
  157  13:15  Marine  
  157  13:16  Marine x2  
  157  13:17  Marine x3  
  163  13:24  Command Center  
  163  13:25  Marine  
  164  13:32  Marine x2  
  164  13:33  Marine x3  
  163  13:41  Marine  
  163  13:42  Marine x2  
  163  13:43  Factory Tech Lab, Marine  
  163  13:44  Siege Tank  
  154  13:50  Marine x2  
  154  13:51  Marine  
  154  13:57  Marine x2  
  154  13:59  Medivac, Marine x3  
  154  14:00  Medivac  
  154  14:01  Terran Infantry Armor Level 3, Marine  
  155  14:04  Siege Tank  
  155  14:07  SCV x2  
  155  14:08  Marine x2  
  155  14:09  Marine  
  163  14:14  Marine  
  163  14:15  Marine  
  165  14:17  Marine  
  165  14:21  Siege Tank  
  165  14:22  Marine x3  
  172  14:26  Marine x2  
  172  14:27  Marine  
  162  14:32  Marine  
  162  14:36  Siege Tank, Marine x2  
  168  14:40  Marine x3  
  168  14:43  Marine  
  168  14:44  Marine x2  
  174  14:50  Marine  
  174  14:51  Terran Vehicle Weapons Level 1  
  175  14:53  Siege Tank  
  175  14:54  Marine x2  
  175  14:58  Sensor Tower, Marine x2  
  182  15:01  Marine x3  
  182  15:02  Marine  
  186  15:08  Siege Tank, Marine  
  186  15:11  Planetary Fortress  
  186  15:12  Marine  
  191  15:17  Refinery  
  191  15:20  Refinery  
  191  15:26  Armory  
  191  15:27  Siege Tank  
  194  15:29  Starport  
  194  15:30  Starport  
  192  15:40  Siege Tank  
  193  15:56  Marine x9  
  197  15:59  SCV  
  198  16:11  SCV  
  199  16:14  Marine  
  200  16:22  Command Center  
  200  16:31  Missile Turret  
  200  16:32  Command Center  
  200  16:33  Missile Turret  
  200  16:34  Missile Turret, Starport Tech Lab x2  
  162  16:57  Siege Tank x2, Marine  
  162  16:58  Marine x8  
  167  17:02  Viking x2  
  152  17:15  Marine x5  
  133  17:17  Marine  
  133  17:18  Marine x2  
Tags
 
Add a new tag
Caveats
  • Supply blocks, unpowered buildings, or Contaminate may cause inaccurate times.
  • Supply counts are checked every 10 seconds.